Map: Dusk Towers

Players

wired - Winner!

  • Race: Zerg Zerg
  • League: Platinum

A.I. 1 (Very Easy)

  • Race: Zerg Zerg

VOD

Have the link to the VOD?

Description

Time

  • Played on: Jan. 7, 2016, 5:57 p.m.
  • Length: 5:36
Show
View Real Time Build Order
Export as new Build Order

wired Zerg - Winner!

Build Orders: Pool First 

Get SALT Encoding   

  12  0:01  Drone  
  13  0:08  Drone  
  13  0:13  Extractor  
  13  0:16  Drone  
  14  0:32  Spawning Pool  
  13  0:36  Drone  
  14  0:46  Overlord  
  14  0:52  Extractor  
  14  0:54  Drone  
  15  1:04  Drone  
  16  1:19  Metabolic Boost  
  16  1:20  Zergling x2  
  16  1:21  Zergling x4  
  19  1:31  Queen  
  21  1:35  Zergling x2  
  22  1:43  Overlord  
  22  1:58  Baneling Nest  
  22  1:59  Drone  
  22  2:06  Zergling x2  
  23  2:10  Queen  
  25  2:15  Zergling x2  
  26  2:28  Zergling x2  
  26  2:43  Baneling x2  
  26  2:52  Hatchery, Zergling x4  
  27  2:59  Overlord  
  27  3:05  Drone  
  27  3:07  Zergling x2  
  25  3:24  Drone x4  
  27  3:32  Drone  
  28  3:43  Zergling x2  
  29  3:51  Drone  
  29  3:52  Drone  
  29  3:53  Overlord  
  31  4:01  Lair  
  31  4:05  Roach Warren  
  31  4:07  Extractor  
  28  4:10  Drone  
  28  4:11  Drone  
  28  4:16  Drone  
  31  4:21  Drone x2  
  33  4:28  Drone x3  
  36  4:41  Drone x2  
  38  4:49  Zergling x6  
  38  4:51  Drone x2  
  43  5:04  Evolution Chamber  
  43  5:05  Evolution Chamber  
  40  5:07  Zergling x4  
  40  5:08  Zergling x4  
  40  5:09  Drone  
  45  5:34  Hatchery  
Show
View Real Time Build Order
Export as new Build Order

A.I. 1 (Very Easy) Zerg 

Build Orders: Pool Only 

Get SALT Encoding   

  12  0:00  Drone  
  13  0:12  Overlord  
  13  0:17  Drone  
  14  0:35  Spawning Pool  
  14  0:37  Extractor  
  14  0:39  Drone  
  13  0:47  Drone  
  14  0:51  Overlord  
  14  1:23  Zergling x2, Queen  
  17  1:30  Roach Warren  
  16  1:33  Drone  
  16  1:37  Extractor  
  16  1:41  Drone  
  16  1:43  Zergling x2  
  18  1:55  Drone  
  19  2:03  Zergling x2  
  19  2:06  Drone  
  21  2:17  Drone  
  21  2:27  Zergling x2  
  20  2:47  Zergling x2  
  20  2:48  Drone  
  22  2:57  Drone  
  22  3:03  Overlord  
  22  3:04  Drone  
  23  3:07  Zergling x2  
  23  3:11  Drone  
  10  3:20  Drone  
  5  3:28  Zergling x2  
  5  3:31  Drone  
  7  3:42  Drone  
  8  3:52  Drone  
  8  4:03  Drone  
  8  4:14  Drone  
  8  4:24  Drone  
  4  4:35  Drone  
  2  4:46  Drone  
  3  4:57  Drone  
  4  5:11  Drone  
Tags
 
Add a new tag
Caveats
  • Supply blocks, unpowered buildings, or Contaminate may cause inaccurate times.
  • Supply counts are checked every 10 seconds.